 Dungeon Crawl Stone Soup version 0.28-a0-1594-ga885d4b3d6 (webtiles) character file.

Game seed: 16723003140281923682

35 snarfax the Covered (level 3, -2/24 HPs)
             Began as a Gargoyle Fighter on Jan 20, 2022.
             Killed by divine providence
             ... invoked by an orc priest
              (13 damage)
             ... on level 1 of the Dungeon on Jan 21, 2022.
             The game lasted 00:03:50 (1922 turns).

snarfax the Covered (Gargoyle Fighter)              Turns: 1922, Time: 00:03:50

Health: -2/24      AC: 10    Str: 21    XL:     3   Next: 33%
Magic:  3/3        EV: 13    Int:  8    God:
Gold:   41         SH:  4    Dex:  9    Spells: 2/2 levels left

rFire   . . .      SeeInvis .   f - +0 dagger (vamp)
rCold   . . .      Faith    .   c - +0 buckler
rNeg    + . .      Spirit   .   b - +0 scale mail
rPois   ∞          Reflect  .   (no helmet)
rElec   +          Harm     .   (no cloak)
rCorr   .          Rampage  .   (no gloves)
Will    .....                   (no boots)
Stlth   ..........              (no amulet)
HPRegen 0.08/turn               g - +4 ring of evasion
MPRegen 0.08/turn               (no ring)

@: no status effects
A: sickness immunity, AC +3, negative energy resistance 1, electricity
resistance, torment resistance 1, petrification resistance
a: no special abilities


You were on level 1 of the Dungeon.
You visited 1 branch of the dungeon, and saw 2 of its levels.

You collected 41 gold pieces.

Inventory:

Hand Weapons
 a - a +0 flail
 f - a +0 vampiric dagger (weapon)
Missiles
 l - 24 stones (quivered)
Armour
 b - a +0 scale mail (worn)
 c - a +0 buckler (worn)
Jewellery
 g - a +4 ring of evasion (left hand)
Scrolls
 e - a scroll of acquirement {unknown}
 h - a scroll of amnesia {unknown}
 i - a scroll of silence {unknown}
 k - a scroll of enchant armour {unknown}
Potions
 d - a potion of might
 j - a potion of curing {unknown}


   Skills:
 + Level 3.7 Fighting
 - Level 2.5 Maces & Flails
 + Level 3.7 Armour
 + Level 3.6 Shields


You had 2 spell levels left.
You didn't know any spells.
Your spell library was empty.

Dungeon Overview and Level Annotations

Branches:
Dungeon (2/15)

Altars:


Innate Abilities, Weirdness & Mutations

You are immune to sickness and miasma.
Your stone body is resilient. (AC +3)
You are immune to poison.
You resist negative energy. (rN+)
You are resistant to electric shocks. (rElec)
You are resistant to unholy torment.
You are immune to petrification.


Message History

You block the orc's attack.
Things that are here:
a +0 mace; a +0 scale mail; a +0 morningstar You hit the orc.
The orc is lightly wounded.
You block the orc's attack.
You closely miss the orc.
The orc is lightly wounded.
The orc hits you with a +0 hand axe.
You hit the orc.
You feel better.
The orc is moderately wounded.
The orc hits you but does no damage.
You closely miss the orc.
The orc is moderately wounded.
The orc closely misses you.
You hit the orc.
You feel better.
You kill the orc!
Items here: ))) [.
There is a stone staircase leading down here.
You start resting.
HP restored.
You climb downwards.
There is a stone staircase leading up here.
The orc closely misses you. You block the orc priest's attack.
You barely miss the orc. The orc priest completely misses you.
The orc completely misses you. The orc hits you but does no damage.
There is a stone staircase leading up here.
The orc priest calls down the wrath of Beogh upon you.
Pain shoots through your body! The orc hits you with a +0 trident.
You climb upwards.
There is a stone staircase leading down here.
You barely miss the orc.
The orc priest calls down the wrath of Beogh upon you.
Beogh smites you! The orc misses you.
You hit the orc but do no damage.
The orc priest mumbles some strange prayers to Beogh against you.
Beogh smites you!
Ouch! That really hurt!
You die...

#......#.#.###### #
#..#.###.#.# #
######..#.....#.# #
###.......#######.##### #
#.+...................# #
#.#.....#######.......####
#.........................
#.......#######.......####
#........@o...#.).........
#.......o####.#.##########
#.........# #.#.# ####
##.##########.#.#######...
#..†.......#.#.##......##
#.####.....#.#.........#
### #.....######......##
#...................
#....###############


You could see an orc priest and an orc.

Vanquished Creatures
  3 orcs (D:1)
  2 ball pythons
  3 endoplasms (D:1)
  3 giant cockroaches (D:1)
  3 goblins (D:1)
  A hobgoblin (D:1)
  3 jackals (D:1)
  3 bats (D:1)
  4 frilled lizards (D:1)
  2 kobolds (D:1)
  2 rats (D:1)
29 creatures vanquished.

Notes
Turn   | Place    | Note
-------+----------+-------------------------------------------
     0 | D:1      | snarfax the Gargoyle Fighter began the quest for the Orb.
     0 | D:1      | Reached XP level 1. HP: 14/14 MP: 1/1
   417 | D:1      | Reached XP level 2. HP: 19/19 MP: 2/2
  1143 | D:1      | Reached XP level 3. HP: 23/23 MP: 3/3
  1922 | D:1      | Killed from afar by an orc priest

Illustrated notes

Levels and vault maps discovered:
D:1:      beargit_arrival_greenhouse, layout_basic
D:2:      cheibrodos_pilgrimage, layout_basic, basic_altar,
          dreamdust_ecumenical_altar_hidden_monk_grotto, uniq_sigmund

Action                   || total
-------------------------++-------
Melee: Dagger            ||   191
       Flail             ||     9
Armor: Scale mail        ||    75
Dodge: Dodged            ||   105
Block: Buckler           ||    48

Table legend: (Time is in decaauts)
 A = Elapsed time spent in this place.
 B = Non-inter-level travel time spent in this place.
 C = Inter-level travel time spent in this place.
 D = Time resting spent in this place.
 E = Time spent auto-exploring this place.
 F = Levels seen in this place.
 G = Mean time per level.
                   A        B        C        D        E       F      G
               +--------+--------+--------+--------+--------+-----+--------+
         Total |   1934 |   1885 |     49 |    520 |   1004 |   2 |  967.0 |
       Dungeon |   1934 |   1885 |     49 |    520 |   1004 |   2 |  967.0 |
               +--------+--------+--------+--------+--------+-----+--------+

Top non-repeatable levels by time:
     D:1: 1894 daAuts
     D:2: 40 daAuts
